Unix NetHack Version 5.0.0-0 post-release - last build May 23 2026 06:08:33 (1c0ff79ee797540d5714e4e18072db0edd9e58ae,branch:main).

Game began 2026-05-25 00:47:53, ended 2026-05-25 01:12:26.

DeathOnAStick, neutral male human Tourist

                                           ------------
              --------------               |..........|       ------
 --------     |............|               |...........#######-....|
 |[..=?.|     |............|               |......)...|       |....|
 |%!?!..|    #.........%...|               |..........|       |....|
 |.%!?!@|    #|...>........|            ###...........|       |..(.|
 |.?]??d@#   #----------|---            #  |..........|       |....|
 |%%....|#   ###        #               #  --------.---       ------
 --------#     #        #             ###          ###
         #     #        #             #              #
         #     ##       ##         ####              #
         #      #     ---|---     ##                 ##        -----
         #      #     |.....|    ############        -|---#####....|      ----
         #------#     |.....|#####----------#        |..>|#    |...|      |  |
         #-.....#     |......#####.........|#        |...+#####...<|      |  |
          |....|      |.....|  #  |........|#       #%...|#    |.`.|      ----
          |....|      -------  ###|........|#########-----#    -----
          |{...|       #   #     #..........#######%#######      #
          ------                  ----------
              #
DeathOnAStick the Sightseer  St:15 Dx:13 Co:14 In:10 Wi:8 Ch:16  Neutral S:582
Dlvl:4  $:0  HP:0(36) Pw:11(11) AC:10 Xp:4/88 T:1589 

Latest messages:
 "Aloha, DeathOnAStick!  Welcome again to Chicoutimi's general store!"
 Fido picks up a wooden shield.
 Fido drops a wooden shield.
 You hear someone counting gold coins.
 Fido picks up a wooden shield.
 Fido drops a wooden shield.
 Fido picks up a wooden shield.
 Fido drops a wooden shield.
 What do you want to throw? [$ar or ?*] 1
 Count: 1 c
 In what direction? h
 The tripe ration misses Chicoutimi.
 What do you want to throw? [$ar or ?*] 1
 Count: 1 c
 In what direction? h
 Fido catches the tripe ration.
 Fido eats an uncursed tripe ration.
 Chicoutimi zaps a short wand!
 The wand misses you.
 Are you waiting to get hit?  Use 'm' prefix to force a no-op (to rest).
 Chicoutimi is after your hide, not your gold!
 Besides, you don't have enough to interest him.
 Fido eats an uncursed tripe ration.
 Chicoutimi zaps a short wand!
 The wand misses you.
 Chicoutimi zaps a short wand!
 The wand hits you!
 Are you waiting to get hit?  Use 'm' prefix to force a no-op (to rest).
 Are you waiting to get hit?  Use 'm' prefix to force a no-op (to rest).
 What do you want to zap? [U or ?*] U
 In what direction? y
 The sleep ray misses Chicoutimi.
 The sleep ray bounces!
 Chicoutimi zaps a wand of striking!
 The wand hits you!
 What do you want to zap? [U or ?*] U
 In what direction? y
 The sleep ray hits Chicoutimi.
 The sleep ray bounces!
 Chicoutimi zaps a wand of striking!
 The wand hits you!
 Chicoutimi zaps a wand of striking!
 The wand hits you!
 You die...
 Chicoutimi takes all your possessions.
 Do you want to see what you had when you died? [ynq] (y) y
 Do you want to see your attributes? [ynq] (y) y
 Do you want an account of creatures vanquished? [ynaq] (y) y
 Do you want to see your conduct and achievements? [ynq] (y) y
 Do you want to see the dungeon overview? [ynq] (y) y

Inventory:
 Weapons  (')')
  a - 30 +2 darts (at the ready)
  r - 10 +0 darts
 Comestibles  ('%')
  b - 2 uncursed randomfruits
  s - a cursed apple
  L - an uncursed banana
  w - 2 uncursed cream pies
  d - 4 uncursed food rations
  W - 2 uncursed lembas wafers
  g - 2 uncursed pears
  c - 4 uncursed tripe rations
  e - 2 uncursed tripe rations
  Q - an uncursed lichen corpse
 Scrolls  ('?')
  G - an uncursed scroll of charging
  X - an uncursed scroll of create monster
  t - an uncursed scroll of earth
  M - an uncursed scroll of scare monster
  R - a blessed scroll of teleportation
 Potions  ('!')
  h - 2 uncursed potions of extra healing
  S - an uncursed potion of gain energy
  p - 2 uncursed potions of healing
  z - an uncursed potion of speed
 Rings    ('=')
  H - an uncursed ring of shock resistance
 Wands    ('/')
  U - a wand of sleep (0:5)
 Tools    ('(')
  y - an uncursed credit card
  v - an expensive camera (0:64)
  x - an uncursed skeleton key
 Gems/Stones  ('*')
  O - an uncursed worthless piece of black glass

DeathOnAStick the Tourist's attributes:

Background:
 You were a Sightseer, a level 4 male human Tourist.
 You were neutral, nominally on a mission for The Lady
 who was opposed by Blind Io (lawful) and Offler (chaotic).
 You were right-handed.
 You were in the Dungeons of Doom, on level 4.
 You entered the dungeon 1589 turns ago.
 It was nighttime.
 You had 88 experience points, 72 more were needed to attain level 5.
 Your score was 582 before end-of-game adjustments.

Basics:
 You had 0 out of 36 hit points.
 You had all 11 energy points (spell power).
 Your armor class was 10.
 Your wallet was empty.
 Autopickup was off.

Final Characteristics:
 Your strength was 15 (limit:18/100).
 Your dexterity was 13 (limit:18).
 Your constitution was 14 (limit:18).
 Your intelligence was 10 (limit:18).
 Your wisdom was 8 (limit:18).
 Your charisma was 16 (limit:18).

Final Status:
 You weren't hungry.
 You were unencumbered.
 You were bare handed.
 You were unskilled in bare handed combat.
 You weren't wearing any armor.

Final Attributes:
 You were devoutly aligned.
 You are dead.

Miscellaneous:
 You didn't encounter any bones levels.
 Total elapsed playing time was 24 minutes and 31 seconds.

Major events:
 Turn
    1: DeathOnAStick the neutral male human Tourist entered the dungeon
 1075: attained the rank of Sightseer (level 3)
 1589: killed by a wand

You didn't know any spells.

Skills:
 Fighting Skills
   bare handed combat [Unskilled]
   two weapon combat  [Unskilled]
   riding             [Unskilled]
 Weapon Skills
   dagger             [Unskilled]
   knife              [Unskilled]
   axe                [Unskilled]
   pick-axe           [Unskilled]
   short sword        [Unskilled]
   broadsword         [Unskilled]
   long sword         [Unskilled]
   two-handed sword   [Unskilled]
   saber              [Unskilled]
   mace               [Unskilled]
   morning star       [Unskilled]
   flail              [Unskilled]
   hammer             [Unskilled]
   quarterstaff       [Unskilled]
   polearms           [Unskilled]
   spear              [Unskilled]
   trident            [Unskilled]
   lance              [Unskilled]
   bow                [Unskilled]
   sling              [Unskilled]
   crossbow           [Unskilled]
   dart               [Basic]
   shuriken           [Unskilled]
   boomerang          [Unskilled]
   whip               [Unskilled]
   unicorn horn       [Unskilled]
 Spellcasting Skills
   divination spells  [Unskilled]
   enchantment spells [Unskilled]
   escape spells      [Unskilled]

Voluntary challenges:
 Character rerolling was not enabled.
 You were an atheist.
 You never hit with a wielded weapon.
 You never genocided any monsters.
 You never polymorphed an object.
 You never changed form.
 You used no wishes.
Achievements:
 You entered a shop.
 You attained the rank of Sightseer.

 The Dungeons of Doom: levels 1 to 5
    Level 1:
    Level 2:
       A general store, a fountain.
    Level 3:
       Many altars.
    Level 4: <- You were here.
       A general store, a fountain.
       Final resting place for
          you, killed by a wand.
    Level 5:
       A fountain.


Vanquished creatures:
  2 homunculi
  a large kobold
  3 giant rats
  a cave spider
  a red mold
  2 geckos
  a jackal
  a fox
  a kobold
  2 goblins
  3 sewer rats
  2 lichens
  5 newts
25 creatures vanquished.

No species were genocided or became extinct.

Game over:
                       ----------
                      /          \
                     /    REST    \
                    /      IN      \
                   /     PEACE      \
                  /                  \
                  |  DeathOnAStick   |
                  |       0 Au       |
                  | killed by a wand |
                  |                  |
                  |                  |
                  |                  |
                  |       2026       |
                 *|     *  *  *      | *
        _________)/\\_//(\/(/\)/\//\/|_)_______

Aloha DeathOnAStick the Tourist...

You died in The Dungeons of Doom on dungeon level 4 with 582 points,
and 0 pieces of gold, after 1589 moves.
You were level 4 with a maximum of 36 hit points when you died.

